 Dungeon Crawl Stone Soup version 0.29.1-13-g9f3cf754e1 (webtiles) character file.

Game seed: 7968796248587740784

17138 boopmooplesden the Cleaver (level 12, -17/108 HPs)
             Began as a Minotaur Fighter on Feb 1, 2023.
             Was an Elder of Trog.
             Demolished by a skeletal warrior
             ... wielding a +0 glaive
              (24 damage)
             ... on level 12 of the Dungeon.
             The game lasted 00:13:08 (11963 turns).

boopmooplesden the Cleaver (Minotaur Fighter)      Turns: 11963, Time: 00:13:08

Health: -17/108    AC: 13    Str: 25    XL:     12   Next: 16%
Magic:  11/11      EV: 17    Int:  5    God:    Trog [****..]
Gold:   677        SH:  6    Dex: 11    Spells: 11/11 levels left

rFire   + . .      SeeInvis +   q - +4 hand axe (vorpal)
rCold   + . .      Faith    .   c - +0 buckler
rNeg    . . .      Spirit   .   f - +3 ring mail {rC+}
rPois   +          Reflect  .   y - +2 hood of the Assassin {Detection Stab+ Stlth++}
rElec   .          Harm     .   (no cloak)
rCorr   .          Rampage  .   (no gloves)
Will    .....      Rnd*Tele +   j - +0 pair of boots
Stlth   ++++......              (no amulet)
HPRegen 0.28/turn               e - ring "Zeyhip" {EV+4 SInv}
MPRegen 0.12/turn               z - +4 ring of slaying

@: about to teleport, on berserk cooldown, slowed, very slow
A: horns 2, retaliatory headbutt, fire resistance 1, poison resistance,
teleportitis 1, noise suppression
a: Renounce Religion, Berserk, Trog's Hand, Brothers in Arms


You were on level 12 of the Dungeon.
You worshipped Trog.
Trog was greatly pleased with you.
You visited 1 branch of the dungeon, and saw 12 of its levels.

You collected 677 gold pieces.

Inventory:

Hand Weapons
 a - a +0 spectral war axe
 q - a +4 vorpal hand axe (weapon)
 r - a +2 hand axe of electrocution
Missiles
 s - 2 throwing nets (quivered)
Armour
 c - a +0 buckler (worn)
 f - a +3 ring mail of cold resistance (worn)
 j - a +0 pair of boots (worn)
 l - a +9 plate armour of ponderousness
 y - the +2 hood of the Assassin (worn) {Detection Stab+ Stlth++}
   (You acquired it on level 6 of the Dungeon)

   It allows the wearer to sense nearby creatures.
   It allows the wearer to make particularly effective stabbing attacks against
   helpless or unaware enemies with any weapon.
   Stlth:     It makes you much more stealthy.
Jewellery
 b - a +6 ring of strength
 e - the ring "Zeyhip" (left hand) {EV+4 SInv}
   (You found it on level 5 of the Dungeon)

   [ring of evasion]

   EV:        It affects your evasion (+4).
   SInv:      It lets you see invisible.
 o - an amulet of guardian spirit
 z - a +4 ring of slaying (right hand)
 G - an amulet of faith
Wands
 v - a wand of flame (71)
 w - a wand of acid (15)
 E - a wand of roots (5)
 F - a wand of digging (5)
Scrolls
 g - 4 scrolls of teleportation
 A - a scroll of fog
Potions
 d - a potion of might
 h - 6 potions of heal wounds
 i - 3 potions of flight
 k - a potion of berserk rage {unknown}
 m - 6 potions of brilliance
 n - 4 potions of curing
 p - a potion of mutation
 t - 4 potions of haste
 u - 5 potions of degeneration
 x - a potion of ambrosia {unknown}
 B - a potion of magic
 C - a potion of resistance {unknown}
 D - 2 potions of lignification
 I - a potion of invisibility {unknown}


   Skills:
 + Level 10.7 Fighting
 + Level 14.8 Axes
 + Level 10.1 Armour
 + Level 7.2 Dodging
 + Level 5.5 Stealth
 + Level 8.2 Shields


You had 11 spell levels left.
You didn't know any spells.
Your spell library contained the following spells:

 Spells                   Type           Power      Damage    Failure   Level
 Ignite Poison            Fire/Tmut/Pois 0%         N/A       95%         3
 Mephitic Cloud           Conj/Pois/Air  0%         N/A       95%         3
 Ozocubu's Armour         Ice            0%         N/A       95%         3
 Freezing Cloud           Conj/Ice/Air   0%         6-21      100%        5
 Metabolic Englaciation   Hex/Ice        0%         N/A       100%        5
 Simulacrum               Ice/Necr       0%         N/A       100%        6


Dungeon Overview and Level Annotations

Branches:
Dungeon (12/15)            Temple (0/1) D:5            Lair (0/5) D:10
    Orc (0/2) D:12

Altars:
Ashenzari
Fedhas
Hepliaklqana
Kikubaaqudgha
Okawaru
Qazlal
Ru
Trog
Vehumet
Xom
Yredelemnul

Shops:
D:2 :   D:5 !

Annotations:
D:3 exclusion: statue
D:10 4 transporters


Innate Abilities, Weirdness & Mutations

You have a pair of horns on your head.
You reflexively headbutt those who attack you in melee.
Your flesh is heat resistant. (rF+)
Your system is resistant to poisons. (rPois)
You are occasionally teleported next to monsters.
You passively dampen the noise of your surroundings.


Message History

Trog accepts your kill.
You closely miss the skeletal warrior.
You block the skeletal warrior's attack.
The skeletal warrior hits you but does no damage.
You see here a +0 long sword.
You barely miss the skeletal warrior.
The skeletal warrior is heavily damaged.
You block the skeletal warrior's attack.
The skeletal warrior hits you with a +0 war axe!!
* * * LOW HITPOINT WARNING * * *
You slash the skeletal warrior!
You headbutt the skeletal warrior, but do no damage.
The skeletal warrior is severely damaged.
You slash the skeletal warrior!
Your headbutt misses the skeletal warrior.
The skeletal warrior is almost destroyed.
You slash the skeletal warrior!
You feel the power of Trog in you as your rage grows.
You destroy the skeletal warrior!
Trog accepts your kill. The skeletal warrior barely misses you.
You see here a +0 war axe.
You feel a strong urge to attack something.
You are no longer berserk.
You are exhausted.
You feel yourself slow down.
You block the skeletal warrior's attack.
You block the skeletal warrior's attack.
The skeletal warrior hits you with a +0 glaive!
* * * LOW HITPOINT WARNING * * *
The skeletal warrior attacks as you move away!
The skeletal warrior hits you with a +0 glaive.
* * * LOW HITPOINT WARNING * * *
You block the skeletal warrior's attack.
As you read the scroll of teleportation, it crumbles to dust.
You feel strangely unstable.
The skeletal warrior hits you from afar with a +0 glaive.
* * * LOW HITPOINT WARNING * * *
The skeletal warrior hits you from afar with a +0 glaive!!
You die...

.# .. #. #.
######.####
#.........#
#.........#
#......@..#
#.........#
#.......z.#
#.......))#
##........)#
...........#
#.........#
####.######
#.


You could see a skeletal warrior.

Vanquished Creatures
  The ghost of sanboga the Martial Artist, a journeyman DsBe of Trog (D:11)
  5 two-headed ogres
  A centaur warrior (D:12)
  3 skeletal warriors (D:12)
  Pikel (D:5)
  A cyclops (D:11)
  Joseph (D:9)
  A gargoyle (D:11)
  Maggie (D:9)
  An unseen horror (D:10)
  2 kobold demonologists (D:10)
  2 trolls (D:10)
  Prince Ribbit (D:6)
  A hornet (D:8)
  5 slime creatures (D:12)
  10 yaks
  A wyvern (D:10)
  A wraith (D:10)
  Grum (D:8)
  4 vampire mosquitoes (D:11)
  A water moccasin (D:7)
  5 orc warriors
  4 ice beasts
  2 sky beasts
  2 black bears
  2 ogres
  4 centaurs
  2 wolves (D:8)
  2 phantoms
  A necrophage (D:6)
  6 kobold brigands
  4 bullfrogs
  2 gnoll sergeants
  8 wights (D:7)
  9 howler monkeys
  4 hounds
  7 orc priests
  Terence (D:2)
  4 iguanas
  5 orc wizards
  9 adders
  21 gnolls
  4 shadow imps (D:6)
  3 white imps (D:6)
  3 ufetubi
  2 worms
  3 dart slugs
  24 orcs
  8 endoplasms
  A giant cockroach (D:1)
  3 goblins
  6 hobgoblins
  4 jackals (D:4)
  20 kobolds
  6 quokkas
  4 ball pythons
  5 bats
  3 frilled lizards
  8 rats
  A spectral orc (D:7)
257 creatures vanquished.

Vanquished Creatures (others)
  A demonic plant (D:6)
  7 plants (D:6)
8 creatures vanquished.

Grand Total: 265 creatures vanquished

Notes
Turn   | Place    | Note
-------+----------+-------------------------------------------
     0 | D:1      | boopmooplesden the Minotaur Fighter began the quest for the
                  | Orb.
     0 | D:1      | Reached XP level 1. HP: 19/19 MP: 0/0
    68 | D:1      | Reached XP level 2. HP: 22/27 MP: 1/1
   700 | D:1      | Found a faded altar of an unknown god.
   709 | D:1      | Reached XP level 3. HP: 33/33 MP: 2/2
  1465 | D:2      | Found Ekheb's Book Shoppe.
  1706 | D:2      | Reached skill level 3 in Axes
  1731 | D:2      | Noticed Terence
  1741 | D:2      | Killed Terence
  1742 | D:2      | Reached XP level 4. HP: 22/40 MP: 3/3
  2104 | D:3      | Reached skill level 1 in Dodging
  2333 | D:3      | Reached XP level 5. HP: 37/47 MP: 4/4
  2340 | D:3      | Reached skill level 4 in Axes
  2562 | D:3      | Found a radiant altar of Vehumet.
  2562 | D:3      | Noticed a charred statue
  2616 | D:3      | Reached skill level 5 in Armour
  3073 | D:4      | Noticed a black bear
  3079 | D:4      | Killed a black bear
  3080 | D:4      | Reached XP level 6. HP: 38/55 MP: 5/5
  3269 | D:4      | Reached skill level 1 in Stealth
  3413 | D:4      | Found a bloodstained altar of Trog.
  3471 | D:4      | Became a worshipper of Trog the Wrathful
  3616 | D:4      | Reached skill level 5 in Fighting
  3616 | D:4      | Reached skill level 5 in Axes
  3782 | D:5      | Entered Level 5 of the Dungeon
  3785 | D:5      | Found a staircase to the Ecumenical Temple.
  3846 | D:5      | Reached XP level 7. HP: 25/61 MP: 6/6
  3966 | D:5      | Reached skill level 6 in Axes
  4212 | D:5      | Noticed Pikel
  4212 | D:5      | Identified the ring "Zeyhip" {EV+4 SInv}
  4245 | D:5      | Killed Pikel
  4246 | D:5      | Reached skill level 7 in Axes
  4246 | D:5      | Reached skill level 5 in Shields
  4246 | D:5      | Reached XP level 8. HP: 33/70 MP: 7/7
  4445 | D:5      | Found a stormy altar of Qazlal.
  4480 | D:5      | Reached * piety under Trog
  4580 | D:5      | Found a shimmering altar of Xom.
  4710 | D:5      | Found an iron altar of Okawaru.
  4732 | D:5      | Reached skill level 8 in Axes
  4781 | D:5      | Found Xirieh's Distillery.
  5228 | D:6      | Noticed Prince Ribbit
  5238 | D:6      | Killed Prince Ribbit
  5239 | D:6      | Reached skill level 9 in Axes
  5239 | D:6      | Reached XP level 9. HP: 49/78 MP: 8/8
  5608 | D:6      | Found a broken altar of Ashenzari.
  5968 | D:6      | Identified a scroll of acquirement
  5968 | D:6      | Acquired the +2 hood of the Assassin {Detection Stab+
                  | Stlth++}
  5968 | D:6      | Found the +2 hood of the Assassin {Detection Stab+ Stlth++}
  6154 | D:7      | Reached skill level 10 in Axes
  6239 | D:7      | Reached skill level 5 in Dodging
  6403 | D:7      | Reached skill level 11 in Axes
  6407 | D:7      | Reached ** piety under Trog
  6682 | D:7      | Found a basalt altar of Yredelemnul.
  6764 | D:8      | Reached XP level 10. HP: 85/86 MP: 9/9
  6839 | D:8      | Paralysed by a hornet for 1 turns
  7060 | D:8      | Found a hazy altar of Hepliaklqana.
  7241 | D:8      | Noticed a two-headed ogre
  7247 | D:8      | Noticed Grum
  7266 | D:8      | Killed Grum
  7331 | D:8      | Killed a two-headed ogre
  7332 | D:8      | Reached skill level 12 in Axes
  7926 | D:8      | Gained mutation: Your system is resistant to poisons.
                  | (rPois) [potion of mutation]
  7926 | D:8      | Gained mutation: Your flesh is heat resistant. (rF+)
                  | [potion of mutation]
  7926 | D:8      | Gained mutation: You are occasionally teleported next to
                  | monsters. [potion of mutation]
  7926 | D:8      | Gained mutation: You passively dampen the noise of your
                  | surroundings. [potion of mutation]
  8054 | D:9      | Noticed Joseph
  8065 | D:9      | Killed Joseph
  8275 | D:9      | Noticed Maggie
  8281 | D:9      | Killed Maggie
  8415 | D:9      | Noticed a two-headed ogre
  8426 | D:9      | Killed a two-headed ogre
  8427 | D:9      | Reached skill level 13 in Axes
  8644 | D:10     | Entered Level 10 of the Dungeon
  8644 | D:10     | Noticed a two-headed ogre
  8645 | D:10     | Reached *** piety under Trog
  8652 | D:10     | Killed a two-headed ogre
  8653 | D:10     | Reached XP level 11. HP: 42/95 MP: 10/10
  9177 | D:10     | Found a blossoming altar of Fedhas.
  9236 | D:10     | Found a staircase to the Lair.
  9281 | D:10     | Found a transporter.
  9471 | D:10     | Found a transporter.
  9477 | D:10     | Found a transporter.
  9512 | D:10     | Found a transporter.
  9724 | D:10     | Found a sacrificial altar of Ru.
  9818 | D:11     | Found a runed translucent door.
  9853 | D:11     | Reached skill level 14 in Axes
  9901 | D:11     | Noticed a two-headed ogre
  9909 | D:11     | Killed a two-headed ogre
 10350 | D:11     | Reached skill level 5 in Stealth
 10482 | D:11     | Found an ancient bone altar of Kikubaaqudgha.
 10571 | D:11     | Noticed sanboga's ghost (journeyman DsBe)
 10585 | D:11     | Killed sanboga's ghost
 10875 | D:12     | Reached skill level 10 in Fighting
 10945 | D:12     | Noticed a centaur warrior
 10953 | D:12     | Killed a centaur warrior
 10954 | D:12     | Reached skill level 10 in Armour
 11183 | D:12     | Reached **** piety under Trog
 11239 | D:12     | Found a staircase to the Orcish Mines.
 11677 | D:12     | Noticed a two-headed ogre
 11691 | D:12     | Killed a two-headed ogre
 11692 | D:12     | Reached XP level 12. HP: 16/107 MP: 11/11
 11963 | D:12     | Demolished by a skeletal warrior

Illustrated notes

Levels and vault maps discovered:
D:1:      reono_arrival_forest_river, layout_loops_ring,
          ebering_ecumenical_altar_abandoned, serial_park_tiny_1,
          chequers_serial_rivers_small_3, minmay_hexomino_f4
D:2:      layout_loops_corners, serial_shops, nicolae_shop_crystal, uniq_terence
D:3:      minmay_angry_zag, layout_basic, vehumet_statue,
          minmay_misc_feat_tower, nicolae_elevator_lobby_asterisk
D:4:      layout_basic, trog_book
D:5:      layout_loops_ring, kennysheep_mini_moat,
          nicolae_qazlal_scattered_showers, xom_butterflies,
          minmay_temple_entry_large_hall, serial_shops, nicolae_take_the_stairs,
          minmay_diced_spiral, uniq_pikel
D:6:      layout_cave_pods, amcnicky_altar_gilded, serial_demonic,
          serial_demonic_g, serial_demonic_a, serial_demonic_c,
          serial_demonic_c, serial_demonic_g, serial_demonic_a,
          lexackson_kobold_supper, uniq_prince_ribbit1
D:7:      layout_rooms, yredelemnul_forgotten_temple_becter
D:8:      layout_basic, mainiacjoe_overflow_alcove_2, minmay_manual_mares,
          uniq_grum
D:9:      layout_stronghold, uniq_joseph, uniq_maggie
D:10:     layout_roguey, mainiacjoe_overflow_boulevard,
          nicolae_ru_path_of_blood, lair_entry_dummy, grunt_ministairs_11,
          nicolae_transporter_intersection
D:11:     layout_roguey, ebering_ghost_reflecting_pool,
          nicolae_kikubaaqudgha_miasma_corner
D:12:     layout_roguey, erik_orc_2, serial_glass, glass_columns_a,
          glass_columns_b, glass_columns_c

Skill      XL: |  1  2  3  4  5  6  7  8  9 10 11 12 |
---------------+-------------------------------------+-----
Shields        | 4 5 6 7 8 |  8.2
Armour         | 4 5 6 7 8 9 10 | 10.1
Axes           | 3 4 5 7 9 11 13 14 | 14.8
Fighting       | 4 5 6 7 8 10 | 10.7
Dodging        | 1 2 3 4 5 6 7 |  7.2
Stealth        | 1 2 3 5 |  5.5

Action                   |  1- 3 |  4- 6 |  7- 9 | 10-12 || total
-------------------------+-------+-------+-------+-------++-------
Melee: War axe           |    67 |       |       |       ||    67
       Headbutt          |    10 |    18 |    39 |    60 ||   127
       Hand axe          |       |   100 |   210 |   264 ||   574
Invok: Berserk           |       |       |     3 |     5 ||     8
  Use: Scroll            |       |     1 |     7 |    13 ||    21
       Potion            |       |       |     1 |     1 ||     2
 Stab: Sleeping          |       |       |       |     9 ||     9
Armor: Ring mail         |    33 |    35 |    58 |    49 ||   175
Dodge: Dodged            |    35 |    44 |   123 |   138 ||   340
Block: Buckler           |     8 |    19 |    35 |    58 ||   120
